 Dungeon Crawl Stone Soup version 0.22-a0-587-g7d32d7c (webtiles) character file.

67981 Firecrotchwizard the Bludgeoner (level 15, -3/101 HPs)
             Began as a Gargoyle Berserker on July 4, 2018.
             Was a High Priest of Trog.
             Slain by a fire elemental (12 damage)
             ... led by Azrael
             ... on level 2 of the Orcish Mines.
             The game lasted 00:37:19 (22255 turns).

Firecrotchwizard the Bludgeoner (GrBe)             Turns: 22255, Time: 00:37:19

Health: -3/101     AC: 34    Str: 26    XL:     15   Next: 25%
Magic:  15/15      EV: 11    Int:  9    God:    Trog [*****.]
Gold:   1147       SH:  0    Dex:  9    Spells: 14/14 levels left

rFire    . . .     SeeInvis .   O - +1 great mace (venom)
rCold    . . .     Gourm    +   (shield currently unavailable)
rNeg     + . .     Faith    .   z - +0 plate armour
rPois    ∞         Spirit   .   l - +2 hat {MR+}
rElec    +         Reflect  .   (no cloak)
rCorr    +         Harm     .   q - +1 pair of gloves
MR       ++++.                  o - +0 pair of boots
Stlth    ..........             E - amulet of the gourmand {Gourm, !d}
HPRegen  1.26/turn              e - ring of resist corrosion
MPRegen  0.14/turn              F - ring "Asasig" {EV+3 Stlth+}

@: regenerating
A: big wings, negative energy resistance 1, electricity resistance, unbreathing,
petrification resistance, rot immunity, AC +11
a: Fly, Berserk, Trog's Hand, Brothers in Arms, Renounce Religion


You were on level 2 of the Orcish Mines.
You worshipped Trog.
Trog was extremely pleased with you.
You were completely stuffed.

You visited 3 branches of the dungeon, and saw 18 of its levels.

You collected 1147 gold pieces.

Inventory:

Hand Weapons
 O - a +1 great mace of venom (weapon)
   (You took it off Rupert on level 3 of the Lair of Beasts)
 P - a +5 great mace of holy wrath
   (Trog gifted it to you on level 4 of the Lair of Beasts)
 S - a +4 antimagic quarterstaff
   (Trog gifted it to you on level 6 of the Lair of Beasts)
Missiles
 w - 2 curare-tipped needles
 G - 5 tomahawks of dispersal {=f}
 M - 2 throwing nets {=f, !d}
Armour
 l - a +2 hat of magic resistance (worn)
   (You took it off Gastronok on level 9 of the Dungeon)
 o - a +0 pair of boots (worn)
   (You found it on level 2 of the Dungeon)
 q - a +1 pair of gloves (worn)
   (You found it on level 5 of the Lair of Beasts)
 z - a +0 plate armour (worn)
   (You took it off an orc warrior on level 6 of the Dungeon)
Jewellery
 e - a ring of resist corrosion (left hand)
   (You found it on level 5 of the Lair of Beasts)
 g - an uncursed ring of magical power {MP+9}
   (You found it on level 1 of the Dungeon)
 r - an uncursed amulet of rage {+Rage, !d}
   (You found it on level 2 of the Dungeon)
 E - an amulet of the gourmand (around neck) {Gourm, !d}
   (You found it on level 5 of the Dungeon)
 F - the ring "Asasig" (right hand) {EV+3 Stlth+}
   (You found it on level 3 of the Lair of Beasts)

   [ring of evasion]

   It affects your evasion (+3).
   It makes you more stealthy.
Wands
 a - a wand of iceblast (6)
   (You found it on level 6 of the Lair of Beasts)
 A - a wand of acid (6)
   (You found it on level 4 of the Dungeon)
 J - a wand of scattershot (6)
   (You found it on level 10 of the Dungeon)
 N - a wand of polymorph (4)
   (You found it on level 6 of the Lair of Beasts)
Scrolls
 h - 4 scrolls of magic mapping {!r}
 k - 5 scrolls of enchant weapon
 u - 5 scrolls of teleportation
 x - 5 scrolls of remove curse
 C - a scroll of fear
 H - a scroll of immolation {!r}
 Q - a scroll of blinking {!r}
Potions
 d - 4 potions of might {unknown}
 f - 5 potions of curing
 i - 4 potions of mutation {!q}
 j - 5 potions of lignification {!q}
 m - 2 potions of resistance {unknown}
 n - 6 potions of brilliance
 p - a potion of berserk rage {unknown}
 s - 3 potions of heal wounds
 v - 3 potions of agility
 B - 3 potions of cancellation
 D - 2 potions of ambrosia {unknown}
 I - a potion of flight {unknown}
 K - 4 potions of degeneration {@e1!q}
 L - 2 potions of haste {unknown}
Miscellaneous
 R - a phantom mirror
Comestibles
 b - 15 chunks of flesh {@w0}
 c - 26 rations {@e1}


   Skills:
 + Level 14.5 Fighting
 * Level 17.9 Maces & Flails
 + Level 14.3 Armour
 - Level 1.5 Dodging


You had 14 spell levels left.
You didn't know any spells.
Your spell library was empty.

Dungeon Overview and Level Annotations

Branches:
Dungeon (10/15)            Temple (0/1) D:4            Lair (6/6) D:9
  Swamp (0/4) Lair:2        Snake (0/4) Lair:3        Slime (0/5) Lair:6
    Orc (2/2) D:10
    Elf: Orc:2

Altars:
Makhleb
The Shining One
Jiyva

Shops:
D:4 *   D:10 [

Annotations:
D:6 3 runed doors, Akrius's ghost, novice OpCj


Innate Abilities, Weirdness & Mutations

You are resistant to torment.
Your stone body is resilient. (AC +11)
You are immune to poison.
Your large and strong wings let you fly indefinitely.
You resist negative energy. (rN+)
You are resistant to electric shocks. (rElec)
You can survive without breathing.
You are immune to petrification.
You are immune to rotting.


Message History

The hell hound completely resists.
The fireball engulfs the fire elemental.
The fire elemental completely resists.
The fire elemental hits you. The fire elemental burns you!
You hear a shout! x18
You take 31 damage, and have 70/101 hp.
MASSIVE DAMAGE!!
You hit Azrael.
The hell hound bites you but does no damage.
The fire elemental closely misses you. The fire elemental hits you.
The fire elemental burns you! The fire elemental misses you.
Azrael closely misses you.
You take 10 damage, and have 60/101 hp.
Your plate armour prevents you from hitting Azrael.
The hell hound closely misses you. The fire elemental misses you.
The fire elemental hits you. The fire elemental burns you!
The fire elemental hits you. The fire elemental burns you!
The hell hound barely misses you.
You take 15 damage, and have 45/101 hp.
You sock Azrael! The fire elemental closely misses you.
The fire elemental barely misses you. x2
Azrael whirls about in circles.
Azrael hits you with a scimitar of flaming.
Azrael burns you.
The hell hound bites you but does no damage.
You take 1 damage, and have 44/101 hp.
You hit Azrael.
You kill Azrael!
Trog accepts your kill. Something appears at your feet!
Trog grants you a weapon! The fire elemental hits you.
The fire elemental burns you! The fire elemental barely misses you.
The fire elemental hits you. The hell hound bites you.
* * * LOW HITPOINT WARNING * * *
You take 15 damage, and have 29/101 hp.
You feel much better. The fire elemental hits you.
The fire elemental burns you! The fire elemental hits you.
The fire elemental burns you!
The hell hound bites you but does no damage.
The fire elemental hits you. The fire elemental burns you!
An orc comes into view. It is wielding a whip.
The hell hound bites you but does no damage. x2
The fire elemental hits you.
The fire elemental completely misses you.
The fire elemental hits you. The fire elemental burns you!
* * * LOW HITPOINT WARNING * * *
You take 2 damage, and have 27/101 hp.
You feel much better.
The orc shouts!
You hear a shout!
The hell hound bites you but does no damage.
An orc comes into view. It is wielding a vampiric short sword.
An orc comes into view.
The hell hound bites you but does no damage. x2
The fire elemental barely misses you. The fire elemental hits you.
The fire elemental barely misses you.
You hear a shout! x2
You regained 26 hp, and now have 53/101 hp.
You barely miss the hell hound.
You hear a shout!
The hell hound barely misses you. The hell hound breathes flames at you.
The blast of flame hits you! The fire elemental hits you.
The fire elemental burns you! The fire elemental hits you.
The fire elemental burns you! The fire elemental hits you.
The fire elemental burns you!
You hear a shout!
You take 20 damage, and have 33/101 hp.
You sock the hell hound!
The hell hound is poisoned.
The hell hound barely misses you.
The hell hound bites you but does no damage.
The fire elemental closely misses you. The fire elemental barely misses you.
An orc comes into view.
The fire elemental closely misses you.
You bludgeon the hell hound!!
You kill the hell hound!
Trog accepts your kill.
The hell hound bites you but does no damage.
The fire elemental hits you. The fire elemental burns you!
* * * LOW HITPOINT WARNING * * *
The fire elemental hits you. x2
* * * LOW HITPOINT WARNING * * *
The fire elemental burns you!
* * * LOW HITPOINT WARNING * * *
The hell hound closely misses you.
You take 18 damage, and have 16/101 hp.
You barely miss the hell hound. The fire elemental misses you.
The fire elemental closely misses you. The fire elemental barely misses you.
The hell hound bites you but does no damage.
You closely miss the hell hound. The fire elemental hits you.
The fire elemental burns you!
* * * LOW HITPOINT WARNING * * *
The hell hound bites you but does no damage.
The fire elemental closely misses you. x2
You closely miss the hell hound.
The hell hound bites you but does no damage.
The fire elemental hits you. The fire elemental burns you!
* * * LOW HITPOINT WARNING * * *
The fire elemental hits you. The fire elemental burns you!
You die...

..... #.$...
......
#......
##.......
##........
##Eh.......
#o.@E....#
#....E..###
.....o...###
.......o.#
.........#
......o.##
.......##
.......


You could see 3 fire elementals, a hell hound and 4 orcs.

Vanquished Creatures
  Gastronok (D:9)
  Kirke (Lair:5)
  Azrael (Orc:2)
  A dire elephant (Lair:6)
  The ghost of Luam the Spear-Bearer, a journeyman OpFi of Cheibriados (Lair:5)
  An ettin (D:10)
  Josephine (Lair:4)
  8 hydras
  A two-headed ogre (D:8)
  Erica (Lair:2)
  3 catoblepae
  A deep troll shaman (Lair:6)
  6 death yaks
  An unseen horror (D:8)
  A necromancer (Lair:4)
  Pikel (D:4)
  A cyclops (Orc:1)
  10 elephants
  7 black mambas
  17 spiny frogs
  7 rime drakes (Lair:4)
  7 komodo dragons
  A polar bear (Lair:6)
  8 hippogriffs
  Prince Ribbit (D:5)
  14 dream sheep
  18 blink frogs
  2 spriggans
  54 yaks
  6 wyverns (Lair:4)
  A steam dragon (Lair:4)
  A hungry ghost (D:10)
  4 wraiths (Lair:4)
  10 basilisks
  A warg (D:10)
  8 water moccasins
  13 porcupines
  A hell hound (Orc:2)
  4 black bears
  2 eyes of draining
  14 orc warriors
  2 elephant zombies (Lair:4)
  5 ice beasts
  4 sky beasts
  4 slaves (D:4)
  9 ogres
  2 phantoms
  3 wolves (Lair:6)
  8 crocodiles
  2 centaurs
  23 bullfrogs
  A wyvern skeleton (D:10)
  5 scorpions
  12 killer bees
  8 wights
  4 electric eels
  6 crimson imps
  A bullfrog zombie (D:9)
  6 hounds
  A jelly (D:8)
  3 centaur skeletons
  6 iguanas
  7 orc priests
  A basilisk zombie (Lair:4)
  A bullfrog skeleton (D:6)
  Terence (D:2)
  4 orc wizards
  10 worker ants
  A crocodile zombie (Lair:4)
  A hound zombie (D:6)
  A hound skeleton (D:9)
  2 worker ant zombies
  Robin (D:3)
  17 adders
  A gnoll (D:1)
  4 shadow imps
  An ooze (D:3)
  An adder skeleton (D:6)
  5 worms
  3 dart slugs (D:1)
  4 leopard geckos
  74 orcs
  7 bats
  2 giant cockroaches
  20 goblins
  12 hobgoblins
  10 jackals
  9 kobolds
  7 quokkas
  5 ball pythons
  6 frilled lizards
  A jackal skeleton (D:6)
  A leopard gecko skeleton (D:5)
  A quokka skeleton (D:4)
  A quokka zombie (D:8)
  9 rats
588 creatures vanquished.

Vanquished Creatures (collateral kills)
  Rupert (Lair:3)
1 creature vanquished.

Vanquished Creatures (others)
  4 humans (Lair:5)
  A water moccasin (Lair:5)
  A bush (Lair:6)
  16 fungi
  12 plants
34 creatures vanquished.

Grand Total: 623 creatures vanquished

Notes
Turn   | Place    | Note
-------+----------+-------------------------------------------
     0 | D:1      | Firecrotchwizard the Gargoyle Berserker began the quest for the Orb.
     0 | D:1      | Reached XP level 1. HP: 14/14 MP: 1/1
   212 | D:1      | Reached XP level 2. HP: 8/19 MP: 2/2
   489 | D:1      | Reached XP level 3. HP: 18/23 MP: 3/3
  1220 | D:2      | Reached ** piety under Trog
  1224 | D:2      | HP: 4/24 [kobold/short sword (5)]
  1229 | D:1      | HP: 3/24 [kobold/short sword (1)]
  1501 | D:2      | Noticed an ogre
  1576 | D:2      | Reached skill level 4 in Maces & Flails
  1576 | D:2      | Reached XP level 4. HP: 29/29 MP: 4/4
  1633 | D:2      | Reached skill level 3 in Armour
  1830 | D:2      | Noticed Terence
  1854 | D:2      | Killed Terence
  1854 | D:2      | Reached skill level 4 in Fighting
  2021 | D:2      | Reached XP level 5. HP: 33/33 MP: 5/5
  2320 | D:3      | Noticed Robin
  2391 | D:3      | Reached *** piety under Trog
  2408 | D:3      | Killed Robin
  2631 | D:3      | Reached skill level 5 in Maces & Flails
  2635 | D:3      | Reached XP level 6. HP: 27/39 MP: 6/6
  2963 | D:3      | Reached skill level 4 in Armour
  3362 | D:4      | Noticed Pikel
  3362 | D:4      | Noticed a slave
  3362 | D:4      | Noticed a slave
  3362 | D:4      | Noticed a slave
  3512 | D:4      | Reached skill level 5 in Fighting
  3516 | D:4      | Reached XP level 7. HP: 30/44 MP: 7/7
  3601 | D:4      | Reached skill level 6 in Maces & Flails
  3927 | D:4      | Found Doivayf's Assorted Antiques.
  4167 | D:4      | Killed Pikel
  4167 | D:4      | Reached skill level 6 in Fighting
  4167 | D:4      | Reached skill level 7 in Maces & Flails
  4167 | D:4      | Reached skill level 5 in Armour
  4167 | D:4      | Reached XP level 8. HP: 49/51 MP: 8/8
  4308 | D:4      | Found a staircase to the Ecumenical Temple.
  4530 | D:4      | You fall through a shaft for 2 floors!
  4536 | D:6      | Found a burning altar of Makhleb.
  4557 | D:6      | Found a glowing golden altar of the Shining One.
  4725 | D:6      | Reached skill level 8 in Maces & Flails
  4725 | D:6      | Reached skill level 6 in Armour
  4763 | D:6      | Reached **** piety under Trog
  4978 | D:6      | Found a runed gate.
  4978 | D:6      | Found a runed gate.
  4978 | D:6      | Found a runed gate.
  4984 | D:6      | Noticed Akrius's ghost (novice OpCj)
  5093 | D:6      | Reached XP level 9. HP: 56/56 MP: 9/9
  5133 | D:6      | HP: 19/84 [orc warrior/war axe (12)]
  5139 | D:6      | Reached skill level 7 in Fighting
  5140 | D:6      | HP: 15/85 [something/magic dart (6)]
  5145 | D:6      | HP: 9/85 [something (1)]
  5154 | D:6      | HP: 8/57 [something (1)]
  5884 | D:5      | Entered Level 5 of the Dungeon
  5983 | D:5      | Reached skill level 9 in Maces & Flails
  6214 | D:5      | Noticed Prince Ribbit
  6251 | D:5      | Killed Prince Ribbit
  6251 | D:5      | Reached skill level 7 in Armour
  6494 | D:5      | Reached ***** piety under Trog
  7186 | D:7      | Reached skill level 8 in Fighting
  7316 | D:7      | Reached skill level 10 in Maces & Flails
  7550 | D:7      | Reached XP level 10. HP: 64/64 MP: 10/10
  8034 | D:7      | Reached skill level 8 in Armour
  8791 | D:8      | Killed an unseen horror
  8791 | D:8      | Reached skill level 11 in Maces & Flails
  8810 | D:8      | Reached skill level 9 in Fighting
  9099 | D:8      | Noticed a two-headed ogre
  9109 | D:8      | Killed a two-headed ogre
  9109 | D:8      | Reached skill level 9 in Armour
  9297 | D:8      | Received a gift from Trog
  9903 | D:9      | Found a staircase to the Lair.
  9903 | D:9      | Noticed an elephant
  9903 | D:9      | Noticed a death yak
  9997 | D:9      | Killed an elephant
  9997 | D:9      | Reached XP level 11. HP: 66/71 MP: 11/11
 10051 | D:9      | Killed a death yak
 10051 | D:9      | Reached skill level 12 in Maces & Flails
 10495 | D:9      | Noticed Gastronok
 10515 | D:9      | Reached skill level 10 in Fighting
 10523 | D:9      | Killed Gastronok
 10788 | D:10     | Entered Level 10 of the Dungeon
 10898 | D:10     | Reached skill level 10 in Armour
 10934 | D:10     | Found a staircase to the Orcish Mines.
 10934 | D:10     | Found Cocw's Armour Shoppe.
 10971 | D:10     | Received a gift from Trog
 11218 | D:10     | Reached skill level 13 in Maces & Flails
 11811 | Lair:1   | Entered Level 1 of the Lair of Beasts
 11948 | Lair:1   | Noticed a six-headed hydra
 11961 | Lair:1   | Killed a six-headed hydra
 12081 | Lair:1   | Reached XP level 12. HP: 75/79 MP: 12/12
 12345 | Lair:1   | Reached skill level 11 in Fighting
 12387 | Lair:1   | HP: 16/80 [spiny frog (11)]
 12395 | Lair:1   | HP: 18/120 [porcupine's spines (11)]
 12846 | Lair:1   | Noticed a four-headed hydra
 12866 | Lair:1   | Killed a four-headed hydra
 12866 | Lair:1   | Reached skill level 11 in Armour
 13221 | Lair:2   | Noticed a four-headed hydra
 13232 | Lair:1   | Killed a four-headed hydra
 13336 | Lair:2   | Reached skill level 14 in Maces & Flails
 13376 | Lair:2   | Noticed Erica
 13390 | Lair:2   | Killed Erica
 13526 | Lair:2   | Found a staircase to the Swamp.
 13841 | Lair:2   | Noticed a seven-headed hydra
 13852 | Lair:2   | Killed a seven-headed hydra
 14259 | Lair:2   | Noticed a four-headed hydra
 14268 | Lair:2   | Killed a four-headed hydra
 14299 | Lair:2   | Reached skill level 12 in Fighting
 14650 | Lair:3   | Noticed a seven-headed hydra
 14664 | Lair:3   | Killed a seven-headed hydra
 14664 | Lair:3   | Reached XP level 13. HP: 31/86 MP: 13/13
 14928 | Lair:3   | Got a brightly glowing marble ring
 14967 | Lair:3   | Reached skill level 15 in Maces & Flails
 14986 | Lair:3   | Reached skill level 12 in Armour
 15503 | Lair:3   | Found a staircase to the Snake Pit.
 15770 | Lair:3   | Noticed Rupert
 15778 | Lair:3   | Killed Rupert
 16064 | Lair:4   | Received a gift from Trog
 16286 | Lair:4   | Noticed Josephine
 16294 | Lair:4   | Killed Josephine
 16992 | Lair:4   | HP: 13/87 [rime drake/flash freeze (17)]
 16996 | Lair:4   | HP: 1/87 [rime drake/flash freeze (16)]
 17000 | Lair:4   | Reached skill level 16 in Maces & Flails
 17004 | Lair:4   | Reached skill level 13 in Fighting
 17484 | Lair:4   | Gained mutation: Your large and strong wings let you fly indefinitely. [Gargoyle growth]
 17484 | Lair:4   | Reached XP level 14. HP: 89/94 MP: 14/14
 17756 | Lair:4   | Reached skill level 13 in Armour
 18093 | Lair:4   | Received a gift from Trog
 18296 | Lair:4   | Identified the ring "Asasig" {EV+3 Stlth+} (You found it on level 3 of the Lair of Beasts)
 18477 | Lair:5   | Noticed Kirke
 18489 | Lair:5   | Killed Kirke
 18704 | Lair:5   | Found a large runed door.
 18705 | Lair:5   | Found a large runed door.
 18708 | Lair:5   | Noticed Luam's ghost (journeyman OpFi)
 19086 | Lair:5   | Killed Luam's ghost
 19235 | Lair:6   | Entered Level 6 of the Lair of Beasts
 19274 | Lair:6   | Reached skill level 17 in Maces & Flails
 20333 | Lair:6   | Reached skill level 14 in Fighting
 20373 | Lair:6   | Got a warped ring mail
 20739 | Lair:6   | Found a staircase to the Slime Pits.
 20740 | Lair:6   | Found a viscous altar of Jiyva.
 20977 | Lair:6   | Received a gift from Trog
 21092 | Lair:6   | Reached skill level 14 in Armour
 21099 | Lair:6   | Reached XP level 15. HP: 97/100 MP: 15/15
 21420 | Lair:6   | Identified a scroll of acquirement
 21679 | Orc:1    | Entered Level 1 of the Orcish Mines
 22169 | Orc:2    | Entered Level 2 of the Orcish Mines
 22239 | Orc:2    | Noticed Azrael
 22247 | Orc:2    | Killed Azrael
 22247 | Orc:2    | Received a gift from Trog
 22252 | Orc:2    | HP: 25/101 [fire elemental[Azrael] (1)]
 22255 | Orc:2    | HP: 9/101 [fire elemental[Azrael] (9)]
 22255 | Orc:2    | Slain by a fire elemental

Vault maps used:
D:1:      dpeg_arrival_three_bigger_balls
D:2:      uniq_terence
D:3:      first_ration, uniq_robin
D:4:      kennysheep_big_flooded_room, minmay_temple_entry_fiery, serial_shops,
          nicolae_shop_trees, uniq_pikel
D:5:      uniq_prince_ribbit1
D:6:      gammafunk_temple_overflow_pools, gammafunk_ghost_necromancy,
          minmay_gold_behind_fungi, kennysheep_flooded_box
D:7:      the_bakery
D:8:      minmay_pinched_square
D:9:      david_lair_generic, evilmike_butchery, uniq_gastronok
D:10:     orc_david_3
Lair:1:   beast_lair_carwin_10, lemuel_fruit_tree
Lair:2:   cheibrodos_lair_river_kwai, swamp_mist, uniq_erica
Lair:3:   minmay_snake_entry_six_corridors, serial_bayou_pond_e,
          cheibrodos_lair_caveside_slide, uniq_rupert
Lair:4:   pond_and_an_island_with_a_cottage, special_room,
          grunt_forest_small_clearings, grunt_megastairs_3, uniq_josephine
Lair:5:   ebering_ghost_disaster_area, grunt_forest_large_clearing_hut,
          uniq_kirke
Lair:6:   grunt_lair_end_beastmaster, slime_altar_1, serial_bayou_lagoon_b
Orc:1:    ebering_ghost_reflecting_pool
Orc:2:    pubby_orc_utopia, serial_shops, uniq_azrael

Skill      XL: |  1  2  3  4  5  6  7  8  9 10 11 12 13 14 |
---------------+-------------------------------------------+-----
Maces & Flails | 4 5 7 8 10 11 13 14 16 17 | 17.9
Armour         | 3 4 5 6 7 9 10 11 12 14 | 14.3
Fighting       | 4 5 6 8 9 10 12 13 14 | 14.5
Dodging        | |  1.5

Action                   |  1- 3 |  4- 6 |  7- 9 | 10-12 | 13-15 || total
-------------------------+-------+-------+-------+-------+-------++-------
Melee: Mace              |   106 |   276 |   486 |       |       ||   868
       Whip              |       |       |    84 |       |       ||    84
       Dire flail        |       |       |    76 |   901 |   183 ||  1160
       Great mace        |       |       |       |       |   796 ||   796
Invok: Berserk           |     1 |     2 |     6 |     3 |     1 ||    13
       Trog's Hand       |       |     2 |     1 |     4 |     5 ||    12
       Brothers in Arms  |       |       |       |       |     1 ||     1
Evoke: Wand              |       |       |       |     5 |       ||     5
  Use: Scroll            |       |     5 |     7 |     5 |     7 ||    24
       Potion            |       |       |       |       |     5 ||     5
 Stab: Sleeping          |     1 |       |       |       |       ||     1
       Petrifying        |       |       |       |       |     2 ||     2
  Eat: Chunk             |     3 |     8 |    14 |    22 |    45 ||    92
       Ration            |       |       |     2 |     2 |     1 ||     5
Armor: Animal skin       |    32 |    20 |       |       |       ||    52
       Scale mail        |       |   173 |   212 |       |       ||   385
       Ring mail         |       |     7 |       |       |       ||     7
       Plate armour      |       |       |   252 |   527 |   869 ||  1648
Dodge: Dodged            |    78 |   173 |   286 |   232 |   555 ||  1324

Table legend:
 A = Spawn XP
 B = Non-spawn XP
 C = Spawn XP percentage of total XP
 D = Spawn monster count
 E = Non-spawn monster count
 F = Spawn count percentage of total count
 G = Total turns spent on level
                    A         B        C        D         E        F      G
               +---------+---------+-------+---------+---------+-------+---------
         Total |       0 |   97116 |   0.0 |       0 |     585 |   0.0 | 22255
               +---------+---------+-------+---------+---------+-------+---------
           D:1 |       0 |      59 |   0.0 |       0 |      26 |   0.0 |  1596
           D:2 |       0 |     119 |   0.0 |       0 |      21 |   0.0 |   559
           D:3 |       0 |     389 |   0.0 |       0 |      54 |   0.0 |  1256
           D:4 |       0 |    1045 |   0.0 |       0 |      16 |   0.0 |  1119
           D:5 |       0 |     917 |   0.0 |       0 |      26 |   0.0 |  1125
           D:6 |       0 |    1092 |   0.0 |       0 |      36 |   0.0 |  1493
           D:7 |       0 |    1828 |   0.0 |       0 |      30 |   0.0 |  1570
           D:8 |       0 |    3254 |   0.0 |       0 |      29 |   0.0 |  1153
           D:9 |       0 |    5003 |   0.0 |       0 |      31 |   0.0 |   977
          D:10 |       0 |    4898 |   0.0 |       0 |      51 |   0.0 |  1310
        Lair:1 |       0 |    7205 |   0.0 |       0 |      22 |   0.0 |  1532
        Lair:2 |       0 |    7869 |   0.0 |       0 |      27 |   0.0 |  1326
        Lair:3 |       0 |    9366 |   0.0 |       0 |      37 |   0.0 |  1420
        Lair:4 |       0 |   17009 |   0.0 |       0 |      69 |   0.0 |  2380
        Lair:5 |       0 |   12467 |   0.0 |       0 |      39 |   0.0 |   842
        Lair:6 |       0 |   21795 |   0.0 |       0 |      52 |   0.0 |  2320
         Orc:1 |       0 |     896 |   0.0 |       0 |       5 |   0.0 |   191
         Orc:2 |       0 |    1905 |   0.0 |       0 |      14 |   0.0 |    86
               +---------+---------+-------+---------+---------+-------+---------

Vault maps used:
D:1:      dpeg_arrival_three_bigger_balls
D:2:      uniq_terence
D:3:      first_ration, uniq_robin
D:4:      kennysheep_big_flooded_room, minmay_temple_entry_fiery, serial_shops,
          nicolae_shop_trees, uniq_pikel
D:5:      uniq_prince_ribbit1
D:6:      gammafunk_temple_overflow_pools, gammafunk_ghost_necromancy,
          minmay_gold_behind_fungi, kennysheep_flooded_box
D:7:      the_bakery
D:8:      minmay_pinched_square
D:9:      david_lair_generic, evilmike_butchery, uniq_gastronok
D:10:     orc_david_3
Lair:1:   beast_lair_carwin_10, lemuel_fruit_tree
Lair:2:   cheibrodos_lair_river_kwai, swamp_mist, uniq_erica
Lair:3:   minmay_snake_entry_six_corridors, serial_bayou_pond_e,
          cheibrodos_lair_caveside_slide, uniq_rupert
Lair:4:   pond_and_an_island_with_a_cottage, special_room,
          grunt_forest_small_clearings, grunt_megastairs_3, uniq_josephine
Lair:5:   ebering_ghost_disaster_area, grunt_forest_large_clearing_hut,
          uniq_kirke
Lair:6:   grunt_lair_end_beastmaster, slime_altar_1, serial_bayou_lagoon_b
Orc:1:    ebering_ghost_reflecting_pool
Orc:2:    pubby_orc_utopia, serial_shops, uniq_azrael

Table legend:
 A = Turns spent in this place as a percentage of turns spent in the entire game.
 B = Non-inter-level travel turns spent in this place as a percentage of non-inter-level travel turns spent in the entire game.
 C = Inter-level travel turns spent in this place as a percentage of turns spent in this place.
 D = Turns resting spent in this place as a percentage of non-inter-level travel turns spent in this place.
 E = Turns spent auto-exploring this place as a percentage of non-inter-level travel turns spent in this place.
 F = Non-inter-level travel turns spent in this place divided by the number of levels of this place that you've seen.
                   A       B       C       D       E      F
               +-------+-------+-------+-------+-------+----------------------
         Total | 100.0 | 100.0 |   3.2 |  31.3 |  44.4 | 1196.8
       Dungeon |  54.6 |  54.2 |   4.0 |  27.4 |  45.4 | 1167.6
          Lair |  44.1 |  44.6 |   2.2 |  36.7 |  42.8 | 1600.2
  Orcish Mines |   1.2 |   1.2 |   4.3 |   7.2 |  58.5 | 132.5
               +-------+-------+-------+-------+-------+----------------------

Table legend:
 A = Kills in this place as a percentage of kills in entire the game.
 B = Kills by you in this place as a percentage of kills by you in the entire game.
 C = Kills by friends in this place as a percentage of kills by friends in the entire game.
 D = Other kills in this place as a percentage of other kills in the entire game.
 E = Experience gained in this place as a percentage of experience gained in the entire game.
 F = Experience gained in this place divided by the number of levels of this place that you have seen.
                   A       B       C       D       E      F
               +-------+-------+-------+-------+-------+----------------------
         Total | 100.0 | 100.0 | 100.0 |   N/A | 100.0 | 5395.3
       Dungeon |  54.7 |  54.8 |   0.0 |   N/A |  19.2 | 1860.4
          Lair |  42.1 |  42.0 | 100.0 |   N/A |  78.0 | 12618.5
  Orcish Mines |   3.2 |   3.3 |   0.0 |   N/A |   2.9 | 1400.5
               +-------+-------+-------+-------+-------+----------------------
